 Dungeon Crawl Stone Soup version 0.30.1-11-g7821555f0a (webtiles) character file.

Game seed: 17523802762544076186

139446 Anriel the Slicer (level 17, -7/115 HPs)
             Began as a Human Gladiator on Oct 25, 2023.
             Was the Champion of Okawaru.
             Mangled by a large abomination (29 damage)
             ... on level 4 of the Swamp on Oct 27, 2023.
             The game lasted 02:37:05 (26874 turns).

Anriel the Slicer (Human Gladiator)                Turns: 26874, Time: 02:37:06

Health: -7/115     AC: 23    Str: 18    XL:     17   Next: 88%
Magic:  21/24      EV: 34    Int: 10    God:    Okawaru [******]
Gold:   2891       SH: 23    Dex: 29    Spells: 16/16 levels left

rFire   + . .        a - +3 rapier (protect)
rCold   + . .        z - +5 Storm Queen's Shield {shock, Fly rElec}
rNeg    . . .        F - +0 ring mail "Qomamyn" {rElec Slay+6}
rPois   .            b - +1 helmet of the Stag {rCorr}
rElec   +            l - scarf of the Morning {rC+ rF+, Dex+2}
rCorr   +            t - +2 pair of gloves {Str+3}
SInv    .            r - +2 pair of boots
Will    +....        (no amulet)
Stlth   +++++        m - +6 ring of dexterity
HPRegen 0.39/turn    L - +5 ring of evasion
MPRegen 0.19/turn

%: no passive effects
@: mighty, heroic, finesse-ful, under a protective aura, flying, slowed, very
slow
A: frail 1
a: Renounce Religion, Heroism, Finesse, Duel


You were on level 4 of the Swamp.
You worshipped Okawaru.
Okawaru was exalted by your worship.
You visited 5 branches of the dungeon, and saw 27 of its levels.
You also visited: Bailey and Ice Cave.

You collected 3479 gold pieces.
You spent 588 gold pieces at shops.

Inventory:

Hand Weapons
 a - a +3 rapier of protection (weapon)
 S - a +0 quick blade of flaming
Missiles
 C - 2 throwing nets
 D - 6 boomerangs (quivered)
 Q - 8 javelins
Armour
 b - the +1 helmet of the Stag (worn) {rCorr}
   (Okawaru gifted it to you on level 13 of the Dungeon)

   rCorr:     It protects you from acid and corrosion.
 l - the scarf of the Morning (worn) {rC+ rF+, Dex+2}
   (Okawaru gifted it to you on level 13 of the Dungeon)

   Dex:       It affects your dexterity (+2).
 p - the +0 plate armour of Servitude {rPois rC- Regen+ Dex+6}
   (Okawaru gifted it to you on level 2 of the Swamp)

   Dex:       It affects your dexterity (+6).
   rC:        It makes you vulnerable to cold.
   rPois:     It protects you from poison.
   Regen:     It increases your rate of health regeneration.
 r - a +2 pair of boots (worn)
 t - a +2 pair of gloves of strength (worn)
 u - a +1 troll leather armour
 w - a +2 ring mail of willpower
 z - the +5 Storm Queen's Shield (worn) {shock, Fly rElec}
   (Okawaru gifted it to you on level 9 of the Dungeon)

   Shock:     When it blocks an attack, it may electrocute the attacker.
   This works even against foes who are a short distance away.
   rElec:     It insulates you from electricity.
   Fly:       It grants you flight.
 F - the +0 ring mail "Qomamyn" (worn) {rElec Slay+6}
   (You found it on level 5 of the Dungeon)

   Slay:      It affects your accuracy & damage with ranged weapons and melee
   (+6).
   rElec:     It insulates you from electricity.
 I - a scarf of repulsion
 K - a +0 cloak of willpower
Jewellery
 i - a +4 ring of protection
 m - a +6 ring of dexterity (left hand)
 o - a ring of protection from cold
 q - a ring of protection from fire
 L - a +5 ring of evasion (right hand)
Wands
 e - a wand of iceblast (37)
 f - a wand of paralysis (32)
 k - a wand of acid (13)
 s - a wand of flame (7)
 y - a wand of mindburst (4)
 G - a wand of polymorph (14)
 H - a wand of digging (2)
Scrolls
 j - 2 scrolls of poison
 n - 2 scrolls of magic mapping
 x - 14 scrolls of teleportation
 N - 7 scrolls of fog
 O - 3 scrolls of silence
 R - a scroll of immolation
 Y - 5 scrolls of fear
Potions
 c - 6 potions of invisibility
 g - 2 potions of magic
 h - 5 potions of curing
 A - 7 potions of haste
 B - a potion of cancellation
 M - 3 potions of resistance
 P - a potion of berserk rage
Miscellaneous
 E - a lightning rod (4/4)
 V - a phial of floods


   Skills:
 - Level 10.0(15.0) Fighting
 * Level 14.3(19.3) Short Blades
 - Level 10.0(15.0) Throwing
 - Level 5.0(10.0) Armour
 - Level 14.0(19.0) Dodging
 - Level 5.0(10.0) Stealth
 - Level 14.0(19.0) Shields
 - Level 10.0 Invocations
 - Level 10.0 Evocations


You had 16 spell levels left.
You didn't know any spells.
Your spell library contained the following spells:

 Spells                   Type           Power      Damage    Failure   Level
 Shock                    Conj/Air       0%         1d3       63%         1
 Sting                    Tmut/Pois      0%         1d3       63%         1
 Blink                    Tloc           0%         N/A       77%         2
 Ensorcelled Hibernation  Hex/Ice        0%         N/A       77%         2
 Lesser Beckoning         Tloc           0%         N/A       77%         2
 Momentum Strike          Conj/Tloc      0%         3d8       77%         2
 Frozen Ramparts          Ice            0%         1d1       94%         3
 Gell's Gravitas          Tloc           0%         N/A       94%         3
 Hailstorm                Conj/Ice       0%         3d3       94%         3
 Inner Flame              Hex/Fire       0%         N/A       94%         3
 Portal Projectile        Hex/Tloc       0%         N/A       94%         3
 Spider Form              Tmut/Pois      0%         N/A       94%         3
 Swiftness                Air            0%         N/A       94%         3
 Teleport Other           Tloc           0%         N/A       94%         3
 Airstrike                Air            0%         2d(0-16)  100%        4
 Anguish                  Hex/Necr       0%         N/A       100%        4
 Flame Wave               Conj/Fire      0%         2d4       100%        4
 Ice Form                 Ice/Tmut       0%         N/A       100%        4
 Leda's Liquefaction      Hex/Erth       0%         N/A       100%        4
 Passage of Golubria      Tloc           0%         N/A       100%        4
 Sticky Flame             Conj/Fire      0%         2d3       100%        4
 Alistair's Intoxication  Tmut/Pois      0%         N/A       100%        5
 Borgnjor's Vile Clutch   Necr/Erth      0%         N/A       100%        5
 Fireball                 Conj/Fire      0%         3d3       100%        5
 Iskenderun's Battlesphe  Conj           0%         2d6       100%        5
 Lee's Rapid Deconstruct  Erth           0%         3d4*      100%        5
 Yara's Violent Unravell  Hex/Tmut       0%         3d3       100%        5
 Conjure Ball Lightning   Conj/Air       0%         3x3d6     100%        6
 Eringya's Noxious Bog    Tmut/Pois      0%         N/A       100%        6
 Iron Shot                Conj/Erth      0%         9d1       100%        6
 Statue Form              Tmut/Erth      0%         N/A       100%        6
 Orb of Destruction       Conj           0%         9d5       100%        7
 Necromutation            Tmut/Necr      0%         N/A       100%        8
 Call Canine Familiar     Summ           Unusable   N/A       N/A         3
 Tukima's Dance           Hex            Unusable   N/A       N/A         3
 Animate Dead             Necr           Unusable   N/A       N/A         4
 Summon Ice Beast         Ice/Summ       Unusable   N/A       N/A         4
 Death Channel            Necr           Unusable   N/A       N/A         6
 Simulacrum               Ice/Necr       Unusable   N/A       N/A         6

Dungeon Overview and Level Annotations

Branches:
Dungeon (15/15)            Temple (1/1) D:6            Lair (5/5) D:10
  Swamp (4/4) Lair:2        Snake (0/4) Lair:2        Slime (0/5) Lair:5
    Orc (2/2) D:10            Elf (0/3) Orc:2        Vaults (0/5) D:13
 Depths (0/4) D:15         Bailey (visited)           IceCv (visited)

Altars:
Ashenzari
Cheibriados
Dithmenos
Elyvilon
Fedhas
Gozag
Hepliaklqana
Kikubaaqudgha
Makhleb
Nemelex Xobeh
Okawaru
Qazlal
Ru
Sif Muna
Trog
Uskayaw
Vehumet
Wu Jian
Xom
Yredelemnul
Zin
The Shining One
Jiyva

Shops:
D:3 [   Orc:2 ((([


Innate Abilities, Weirdness & Mutations

You are frail. (-10% HP)


Message History

You block the large abomination's attack. 2 foxfires come into view.
You puncture the swamp dragon!
The swamp dragon is almost dead.
You block the four-headed hydra's attack. x2
The four-headed hydra closely misses you.
The four-headed hydra completely misses you.
You impale the swamp dragon!!
You kill the swamp dragon!
Okawaru accepts your kill. The foxfire hits you. You resist.
You block the large abomination's attack.
You barely miss the four-headed hydra.
The four-headed hydra is moderately wounded.
The foxfire hits you. You resist.
The four-headed hydra closely misses you.
The four-headed hydra completely misses you.
You block the four-headed hydra's attack.
Your shield discharges, shocking the four-headed hydra!
You block the four-headed hydra's attack.
The foxfire hits you! You resist. The foxfire hits you. You resist.
You puncture the four-headed hydra!
The four-headed hydra is severely wounded.
You block the large abomination's attack.
Your shield discharges, shocking the large abomination!
You barely miss something.
The will-o-the-wisp gestures.
The will-o-the-wisp conjures some foxfire!
You block the four-headed hydra's attack. x2
Your shield discharges, shocking the four-headed hydra!
The four-headed hydra bites you but does no damage.
You block the four-headed hydra's attack. 2 foxfires come into view.
You puncture the large abomination!
The large abomination is heavily damaged.
The shadow strikes at you from the darkness!
* * * LOW HITPOINT WARNING * * *
Reactivating autopickup.
The large abomination hits you!!
You die...

≈~.≈ #♣♣ ♣♣♣~~~..~~..~♣♣.~~~~
≈≈≈.# # #♣~♣ ♣♣~.~~~.~~..§~~~~~~~
≈.#.#~##~.♣♣♣..~.~♣♣~~..~§~.~♣~~
≈~#~#~~..♣♣~~†~~.♣♣♣♣♣♣~~~.♣♣.~
#~#~♣...~♣.~~~~.~..~♣.~~.♣♣~..
#~#.~...~.~~~~.)~~.♣~~.~♣♣♣♣♣
#####~.~...~§§~~~.♣~§~.♣.~.♣♣♣.?[
.~~~~~~○~..§v~§W.~♣.§~~♣♣♣♣♣~♣...
~~§~~~†§.~.§v~§D@..~..♣♣♣♣♣......
~~§~~~~.~.~~v~§X§~.~~♣♣..♣♣~....~
~~~§~~~~...~~§~§~~~~~..~~~~♣♣~♣♣.
~.§v~~~..♣♣.~~~.~~~.~~.~~~.♣♣♣♣♣♣
§§.§§♣♣♣~♣♣.§~~§~~..~~..~.♣♣ ♣
.~§~♣ ♣♣♣~.~~~~.♣♣♣~.~♣♣♣♣ ♣ ♣♣♣♣
♣♣♣♣...~.~♣♣~.~.♣ ♣
♣~.~♣.§.♣♣♣♣.~.♣♣♣♣♣♣♣♣♣♣♣
♣.§.§.~~.♣ ♣♣♣♣♣♣♣.)♣♣~~♣♣


You could see a four-headed hydra, a large abomination, a will-o-the-wisp and a
shadow.

Vanquished Creatures
  A tentacled monstrosity (Swamp:3)
  Gastronok (Lair:1)
  A thorn hunter (Swamp:2)
  Roxanne (Swamp:4)
  2 fenstrider witches
  The ghost of ababab the Unseen, an adept FeEn of Dithmenos (Swamp:1)
  An orc warlord (Orc:2)
  A reaper (IceCv)
  6 eleionomae
  7 bunyips
  Snorg (Lair:5)
  A shambling mangrove (Swamp:2)
  2 fire dragons (D:15)
  Josephine (Swamp:1)
  10 vault guards
  8 hydras
  A ghost crab (Swamp:4)
  A merfolk avatar (Lair:5)
  9 two-headed ogres
  A catoblepas (Lair:4)
  An ogre mage (D:12)
  3 boulder beetles
  4 centaur warriors
  4 tengu warriors
  A death knight (D:13)
  4 death yaks
  2 orc high priests
  3 alligators
  A fire crab (Lair:5)
  A sixfirhy (D:13)
  A soul eater (D:13)
  Sonja (Orc:2)
  7 skeletal warriors (D:13)
  A sea snake (Lair:5)
  4 skysharks
  4 goliath frogs
  A spriggan druid (Swamp:2)
  A lindwurm (Lair:5)
  4 bog bodies
  A wizard (D:15)
  Pikel (D:4)
  3 harpies (Lair:5)
  4 swamp dragons
  2 orc knights
  3 ugly things
  2 orc sorcerers (Orc:2)
  2 will-o-the-wisps (Swamp:1)
  4 oklob plants (Lair:5)
  2 manticores
  3 cyclopes
  2 ice statues (IceCv)
  3 rust devils (D:13)
  Joseph (D:8)
  The ghost of velnius the Cleaver, a novice MiBe of Trog (D:5)
  16 elephants
  A smoke demon (D:13)
  5 black mambas
  A torpor snail (Lair:5)
  A gargoyle (D:13)
  10 cane toads
  5 rime drakes
  A rime drake (shapeshifter) (D:15)
  4 kobold demonologists
  2 unseen horrors
  8 komodo dragons
  4 efreet
  7 ice devils (IceCv)
  2 tengu conjurers
  A freezing wraith (D:13)
  9 tyrant leeches
  A red devil (D:13)
  2 bloated husks
  A meliai (D:9)
  5 trolls
  6 polar bears
  10 hornets
  Prince Ribbit (Bailey)
  The ghost of Eitelfritz the Poker, an amateur MfGl of Dithmenos (D:7)
  2 wind drakes (Lair:5)
  13 blink frogs
  4 dream sheep (Lair:5)
  11 slime creatures
  2 shadows
  66 yaks
  3 spriggans (Swamp:2)
  A dire elephant simulacrum (IceCv)
  8 wraiths
  5 wyverns
  4 humans (Bailey)
  4 basilisks
  2 steam dragons (Lair:5)
  Eustachio (D:5)
  9 vampire mosquitoes
  3 wargs
  Menkaure (D:7)
  A naga (Lair:2)
  An acid dragon (D:13)
  A harpy simulacrum (IceCv)
  10 swamp worms
  A hydra simulacrum (IceCv)
  9 water moccasins
  35 orc warriors
  An ice beast (D:6)
  A sky beast (D:7)
  8 black bears
  A swamp drake (Swamp:2)
  2 ogres
  19 wolves
  4 centaurs
  2 lemures (D:4)
  A phantom (D:7)
  Blork the orc (D:5)
  4 scorpions
  4 kobold brigands
  17 bullfrogs
  A two-headed ogre simulacrum (IceCv)
  2 gnoll sergeants
  A cane toad simulacrum (IceCv)
  9 wights
  An elephant simulacrum (IceCv)
  14 killer bees
  The ghost of Tali the Trooper, a weakling DsCK of Xom (D:3)
  3 howler monkeys
  4 electric eels (D:12)
  3 jellies
  A water moccasin simulacrum (D:5)
  5 hounds
  A gnoll bouda (D:5)
  Crazy Yiuf (D:4)
  2 iguanas (D:5)
  19 orc priests
  2 sleepcaps
  30 orc wizards
  3 spriggan simulacra (IceCv)
  3 troll simulacra (IceCv)
  4 wolf simulacra (IceCv)
  2 bullfrog simulacra (D:5)
  3 scorpion simulacra (D:5)
  9 adders
  12 gnolls
  A naga simulacrum (IceCv)
  A shadow imp (D:8)
  21 white imps
  An ufetubus (D:4)
  3 dart slugs
  94 orcs
  5 endoplasms
  5 giant cockroaches
  17 goblins
  4 hobgoblins
  3 jackals (D:1)
  6 quokkas
  5 ball pythons
  4 bats
  A frilled lizard (D:2)
  13 kobolds
  4 rats
829 creatures vanquished.

Vanquished Creatures (others)
  A hydra (Swamp:3)
  2 bloated husks
  A vampire mosquito (Swamp:2)
  A swamp worm (Swamp:2)
  24 foxfires
29 creatures vanquished.

Grand Total: 858 creatures vanquished

Notes
Turn   | Place    | Note
-------+----------+-------------------------------------------
     0 | D:1      | Anriel the Human Gladiator began the quest for the Orb.
     0 | D:1      | Reached XP level 1. HP: 16/16 MP: 1/1
   222 | D:1      | Reached XP level 2. HP: 22/22 MP: 2/2
   252 | D:1      | Reached skill level 1 in Armour
   580 | D:1      | Reached XP level 3. HP: 23/28 MP: 3/3
  1083 | D:2      | Reached XP level 4. HP: 20/34 MP: 4/4
  1434 | D:3      | Found a hazy altar of Hepliaklqana.
  1450 | D:3      | Found a runed translucent gate.
  1450 | D:3      | Found a runed translucent gate.
  1450 | D:3      | Found a runed translucent gate.
  1452 | D:3      | Noticed Tali's ghost (weakling DsCK)
  1503 | D:3      | Reached XP level 5. HP: 40/40 MP: 5/5
  1618 | D:3      | Found Heaweat's Antique Armour Shop.
  1716 | D:3      | Found a radiant altar of Vehumet.
  1804 | D:3      | Identified the +5 trident "Napniaf" {flame, Int+2 Dex+2
                  | Stlth+}
  2024 | D:3      | Reached skill level 1 in Shields
  2024 | D:3      | Reached skill level 1 in Evocations
  2189 | D:4      | Noticed a lemure
  2253 | D:5      | Entered Level 5 of the Dungeon
  2255 | D:5      | Identified a scroll of acquirement
  2255 | D:5      | Acquired 623 gold pieces
  2279 | D:3      | Bought a pair of runed gloves for 142 gold pieces
  2279 | D:3      | Bought a shiny ring mail for 133 gold pieces
  2370 | D:3      | Reached XP level 6. HP: 47/47 MP: 6/6
  2392 | D:3      | Killed Tali's ghost
  2584 | D:4      | Found an ornate altar of the Wu Jian Council.
  2613 | D:4      | Found a hide-covered altar of Uskayaw.
  2729 | D:4      | Found a shimmering blue altar of Sif Muna.
  2823 | D:4      | Found a runed translucent door.
  2824 | D:4      | Noticed Crazy Yiuf
  2837 | D:4      | Killed Crazy Yiuf
  3014 | D:4      | Noticed Pikel
  3025 | D:4      | Killed Pikel
  3026 | D:4      | Reached XP level 7. HP: 22/52 MP: 7/7
  3026 | D:4      | Reached XP level 8. HP: 24/58 MP: 8/8
  3758 | D:5      | Found a runed translucent gate.
  3763 | D:5      | Identified the +0 ring mail "Qomamyn" {rElec Slay+6}
  3789 | D:5      | Noticed velnius's ghost (novice MiBe)
  3816 | D:5      | Noticed Eustachio
  3821 | D:5      | Reached skill level 5 in Shields
  3821 | D:5      | Reached skill level 5 in Evocations
  3822 | D:5      | Reached skill level 5 in Short Blades
  3854 | D:5      | Killed Eustachio
  3876 | D:5      | Reached XP level 9. HP: 47/62 MP: 9/9
  3984 | D:5      | Noticed Blork the orc
  3992 | D:5      | Killed Blork the orc
  4265 | D:5      | Found a runed translucent gate.
  4265 | D:5      | Found a runed translucent gate.
  4585 | D:6      | Found a staircase to the Ecumenical Temple.
  4623 | Temple   | Entered the Ecumenical Temple
  5411 | D:7      | Found a blossoming altar of Fedhas.
  5436 | D:7      | Noticed a hornet
  5449 | D:7      | Reached skill level 5 in Fighting
  5468 | D:7      | Found an iron altar of Okawaru.
  5469 | D:7      | Found a glowing silver altar of Zin.
  5476 | D:7      | Became a worshipper of Warmaster Okawaru
  5510 | D:7      | Killed a hornet
  5511 | D:7      | Reached skill level 5 in Armour
  5511 | D:7      | Reached skill level 5 in Dodging
  5511 | D:7      | Reached XP level 10. HP: 40/74 MP: 10/10
  5570 | D:7      | Reached skill level 1 in Invocations
  5574 | D:7      | Reached * piety under Okawaru
  5977 | D:7      | Found a white marble altar of Elyvilon.
  6025 | D:7      | Noticed Menkaure
  6030 | D:7      | Killed Menkaure
  6032 | D:7      | Found a runed translucent gate.
  6032 | D:7      | Noticed Eitelfritz's ghost (amateur MfGl)
  6033 | D:7      | Found a runed translucent gate.
  6033 | D:7      | Identified the +6 plate armour of the Forsaken Blessings
                  | {Dex+2 Slay+2}
  6035 | D:7      | Found a runed translucent gate.
  6148 | D:7      | Killed Eitelfritz's ghost
  6148 | D:7      | Reached ** piety under Okawaru
  6149 | D:7      | Reached skill level 5 in Invocations
  6414 | D:7      | Found a burning altar of Makhleb.
  6566 | D:8      | Reached skill level 1 in Stealth
  6594 | D:8      | Noticed Joseph
  6608 | D:8      | Killed Joseph
  6879 | D:8      | Found an ancient bone altar of Kikubaaqudgha.
  7000 | D:8      | Noticed a two-headed ogre
  7021 | D:8      | Killed a two-headed ogre
  7021 | D:8      | Reached *** piety under Okawaru
  7022 | D:8      | Reached XP level 11. HP: 33/79 MP: 14/14
  7617 | D:5      | Killed velnius's ghost
  7628 | D:5      | Reached **** piety under Okawaru
  7832 | D:9      | Reached skill level 10 in Short Blades
  7877 | D:9      | Found a flagged portal.
  7894 | Bailey   | Entered a bailey
  7980 | Bailey   | Reached skill level 5 in Stealth
  8020 | Bailey   | Noticed a vault guard
  8042 | Bailey   | Killed a vault guard
  8056 | Bailey   | Noticed Prince Ribbit
  8056 | Bailey   | Noticed a vault guard
  8068 | Bailey   | Killed a vault guard
  8068 | Bailey   | Reached ***** piety under Okawaru
  8076 | Bailey   | Killed Prince Ribbit
  8320 | D:9      | Noticed a cyclops
  8320 | D:9      | Noticed a purple ugly thing
  8320 | D:9      | Noticed a brown ugly thing
  8321 | D:9      | Noticed a boulder beetle
  8321 | D:9      | Noticed a tengu warrior
  8321 | D:9      | Found the +6 Majin-Bo {spellvamp, MP+6 Int+6}
  8321 | D:9      | Noticed a cyclops
  8328 | D:9      | Reached XP level 12. HP: 86/86 MP: 16/16
  8360 | D:9      | Received a gift from Okawaru
  8420 | D:9      | Killed a tengu warrior
  8421 | D:9      | Reached skill level 10 in Dodging
  8424 | D:9      | Received a gift from Okawaru
  8424 | D:9      | Found the +5 Storm Queen's Shield {shock, Fly rElec}
  8433 | D:9      | Killed a boulder beetle
  8809 | D:10     | Entered Level 10 of the Dungeon
  9172 | D:10     | Found a staircase to the Orcish Mines.
  9251 | D:10     | Found a staircase to the Lair.
  9694 | D:11     | Found a snail-covered altar of Cheibriados.
  9723 | D:11     | Acquired a +0 quick blade of flaming
 10302 | D:12     | Reached XP level 13. HP: 84/91 MP: 18/18
 10335 | D:12     | Noticed an ogre mage
 10348 | D:12     | Killed an ogre mage
 10648 | D:12     | Reached ****** piety under Okawaru
 10728 | D:12     | Received a gift from Okawaru
 11226 | D:13     | Found an ancient bone altar of Kikubaaqudgha.
 11308 | D:13     | Identified the scarf of the Morning {rC+ rF+, Dex+2}
                  | (Okawaru gifted it to you on level 13 of the Dungeon)
 11308 | D:13     | Received a gift from Okawaru
 11995 | D:13     | Reached XP level 14. HP: 88/98 MP: 21/21
 12117 | D:13     | Reached skill level 10 in Invocations
 12234 | D:13     | Reached skill level 10 in Shields
 12348 | D:13     | Found a gate to the Vaults.
 12381 | D:13     | Reached skill level 5 in Throwing
 12441 | D:13     | Identified the +1 helmet of the Stag {rCorr} (Okawaru
                  | gifted it to you on level 13 of the Dungeon)
 12441 | D:13     | Received a gift from Okawaru
 13683 | D:15     | Entered Level 15 of the Dungeon
 14210 | D:15     | Found a staircase to the Depths.
 14429 | D:15     | Found a stormy altar of Qazlal.
 14812 | Orc:1    | Entered Level 1 of the Orcish Mines
 15091 | Orc:1    | Reached XP level 15. HP: 79/110 MP: 22/22
 15362 | Orc:2    | Entered Level 2 of the Orcish Mines
 15494 | Orc:2    | Found Misuxuri's Antique Weapon Shop.
 15522 | Orc:2    | Noticed Sonja
 15524 | Orc:2    | Killed Sonja
 15532 | Orc:2    | Identified the +1 robe "Lanamiff" {+Blink rF++ Str-3 SInv}
                  | (Okawaru gifted it to you on level 2 of the Orcish Mines)
 15532 | Orc:2    | Received a gift from Okawaru
 15613 | Orc:2    | Found a staircase to the Elven Halls.
 16001 | Orc:2    | Noticed an orc warlord
 16036 | Orc:2    | Killed an orc warlord
 16048 | Orc:2    | Found Danumao's Antique Weapon Shoppe.
 16076 | Orc:2    | Found Dahic's Antique Armour Emporium.
 16090 | Orc:2    | Bought a distressingly furry kite shield for 313 gold
                  | pieces
 16090 | Orc:2    | Identified the +0 kite shield of the Earth {rF+ rC+ Int+3}
                  | (You bought it in a shop on level 2 of the Orcish Mines)
 16109 | Orc:2    | Found Peesm's Weapon Shoppe.
 16647 | D:15     | Upgraded the game from 0.30.1-9-gdf580d7c3d to
                  | 0.30.1-10-g1249ef9ec4
 16770 | Lair:1   | Entered Level 1 of the Lair of Beasts
 16957 | Lair:1   | Noticed Gastronok
 16992 | Lair:1   | Killed Gastronok
 17787 | Lair:2   | Found a frozen archway.
 17857 | IceCv    | Entered an ice cave
 18309 | IceCv    | Noticed a reaper
 18341 | IceCv    | Killed a reaper
 18883 | Lair:2   | Identified the +0 buckler of the Known World {rPois rC+
                  | Str-4} (Okawaru gifted it to you on level 2 of the Lair of
                  | Beasts)
 18883 | Lair:2   | Received a gift from Okawaru
 18906 | Lair:2   | Found a staircase to the Swamp.
 19237 | Lair:2   | Reached XP level 16. HP: 103/120 MP: 23/23
 19416 | Lair:2   | Found a staircase to the Snake Pit.
 20115 | Lair:4   | Reached skill level 10 in Fighting
 21234 | Lair:4   | Upgraded the game from 0.30.1-10-g1249ef9ec4 to
                  | 0.30.1-11-g7821555f0a
 21259 | Lair:5   | Entered Level 5 of the Lair of Beasts
 21507 | Lair:5   | Received a gift from Okawaru
 21547 | Lair:5   | Noticed Snorg
 21566 | Lair:5   | Killed Snorg
 21658 | Lair:5   | Reached skill level 10 in Evocations
 22038 | Lair:5   | Found a blossoming altar of Fedhas.
 22052 | Lair:5   | Identified the +1 robe of Lust {*Corrode Str+5 Dex+3}
 22071 | Lair:5   | Found a viscous altar of Jiyva.
 22073 | Lair:5   | Found a staircase to the Slime Pits.
 22498 | Lair:5   | Identified the +9 trident of the Elven Halls {flame, rF-
                  | Str+2 SInv}
 23146 | Swamp:1  | Entered Level 1 of the Swamp
 23417 | Swamp:1  | Reached XP level 17. HP: 128/128 MP: 24/24
 23486 | Swamp:1  | Noticed Josephine
 23505 | Swamp:1  | Killed Josephine
 23667 | Swamp:1  | Found a runed translucent door.
 23668 | Swamp:1  | Noticed ababab's ghost (adept FeEn)
 23749 | Swamp:1  | Killed ababab's ghost
 23769 | Swamp:1  | Gained mutation: You are frail. (-10% HP) [mutagenic glow]
 24493 | Swamp:2  | Identified the +0 plate armour of Servitude {rPois rC-
                  | Regen+ Dex+6} (Okawaru gifted it to you on level 2 of the
                  | Swamp)
 24493 | Swamp:2  | Received a gift from Okawaru
 24773 | Swamp:2  | Noticed a thorn hunter
 24793 | Swamp:2  | Killed a thorn hunter
 24998 | Swamp:2  | Found a glowing golden altar of the Shining One.
 25016 | Swamp:2  | Got the Compendium of Blows
 25542 | Swamp:3  | Noticed a tentacled monstrosity
 25562 | Swamp:3  | Killed a tentacled monstrosity
 26047 | Swamp:4  | Entered Level 4 of the Swamp
 26216 | Swamp:4  | Identified Roxanne's Compilation of Shapeshifting
 26216 | Swamp:4  | Noticed Roxanne
 26352 | Swamp:4  | Killed Roxanne
 26352 | Swamp:4  | Received a gift from Okawaru
 26570 | Swamp:4  | Reached skill level 10 in Throwing
 26874 | Swamp:4  | Mangled by a large abomination

Illustrated notes

Levels and vault maps discovered:
D:1:      dpeg_arrival_shelter, layout_loops_ring
D:2:      layout_loops_ring
D:3:      layout_basic, vehumet_altar_wand_db, mainiacjoe_overflow_boulevard,
          serial_shops, nicolae_shop_advertising_works
          [nicolae_subvault_shop_adworks], gammafunk_ghost_split,
          kennysheep_generic_room_5
D:4:      layout_basic, mainiacjoe_overflow_swirl,
          nicolae_sif_muna_condensation, serial_glass, glass_columns_a,
          glass_columns_a, uniq_crazy_yiuf_cottage, uniq_pikel
D:5:      layout_loops_ring, gammafunk_ghost_icy, sword_in_stone
D:6:      layout_loops_ring, temple_pool_b
D:7:      layout_cave_pools, fedhas_bush_and_centaur_altar, elyvilon_altar_1,
          makhleb_heckhound_becter, amethyst_overflow_temple_binary,
          biasface_ghost_orc_armoury, hangedman_decor_clover_reticule,
          kennysheep_generic_room_12, uniq_menkaure
D:8:      layout_basic, amcnicky_altar_gilded, st_stairs_2, uniq_joseph
D:9:      layout_gridville, enter_bailey_5, minivault_12
D:10:     layout_irregular_city, david_lair_generic, orc_0_dummy,
          serial_bayou_pond_e
D:11:     layout_small_grid, kennysheep_slug_shrine
D:12:     layout_basic, chequers_big_river
D:13:     layout_roguey, erik_vaults_2, serial_demonic, serial_demonic_f,
          serial_demonic_f, serial_demonic_g, serial_demonic_c, nrook_uturn,
          kiku_gazebo_garden_becter
D:14:     layout_stronghold, kennysheep_nub
D:15:     grunt_enter_depths_hoard, layout_basic, chequers_avenue,
          nicolae_qazlal_scattered_showers
Temple:   hellmonk_temple_of_storms
Lair:1:   layout_hall_layers, uniq_gastronok
Lair:2:   layout_chaotic_city, swamp_mist_pool, guppyfry_snake_entry_garden,
          portal_ice_cave_entry_imps, beast_lair_carwin_1
Lair:3:   layout_hall_layers, grunt_megastairs_5, infiniplex_staircase_pool,
          serial_bayou_shore_b
Lair:4:   layout_regular_city, st_stairs_5, beast_lair_carwin_5,
          grunt_megastairs_4
Lair:5:   gammafunk_lair_ancient_temple, layout_misc_corridors,
          minmay_slime_entry_oklob_enclosed, basic_altar,
          nicolae_quartered_pool_little, uniq_snorg
Swamp:1:  layout_basic_swamp, gammafunk_ghost_grave, nicolae_swamp_some_circles,
          swamp_pool2, uniq_josephine
Swamp:2:  layout_basic_swamp, lemuel_altar_in_water, infiniplex_staircase_pool_2
Swamp:3:  layout_falls_marsh, nicolae_swamp_dense_foliage
Swamp:4:  swamp_vile, layout_basic_swamp, uniq_roxanne
Orc:1:    layout_diamond_mine, basic_altar
Orc:2:    grunt_orc_community_town_hall, layout_caves,
          grunt_orc_community_big_house_1, grunt_orc_community_big_house_2,
          grunt_orc_community_house_1, grunt_orc_community_house_2,
          grunt_orc_community_house_1, grunt_orc_community_house_3,
          minmay_orc_keep, uniq_sonja

Skill      XL: |  1  2  3  4  5  6  7  8  9 10 11 12 13 14 15 16 17 |
---------------+----------------------------------------------------+-----
Armour         | 1 2 3 5 |  5.0
Fighting       | 3 5 7 9 10 | 10.0
Throwing       | 3 5 7 10 | 10.0
Shields        | 1 4 5 6 8 9 10 11 13 14 | 14.0
Evocations     | 1 4 5 6 8 10 | 10.0
Short Blades   | 4 6 7 9 10 11 13 14 | 14.3
Dodging        | 5 7 9 10 11 13 14 | 14.0
Invocations    | 5 7 9 10 | 10.0
Stealth        | 3 5 |  5.0

Action                     |  1- 3 |  4- 6 |  7- 9 | 10-12 | 13-15 | 16-18 || total
---------------------------+-------+-------+-------+-------+-------+-------++-------
  Melee: Rapier            |   136 |   180 |   181 |   599 |  1389 |  1028 ||  3513
  Throw: Javelin           |     3 |     7 |    13 |    17 |     8 |    22 ||    70
         Throwing net      |       |     1 |     2 |     3 |       |     1 ||     7
         Boomerang         |       |       |       |    77 |    60 |    91 ||   228
 Invoke: Heroism           |       |       |       |     2 |     4 |     1 ||     7
         Finesse           |       |       |       |     2 |     4 |     1 ||     7
  Evoke: Wand              |       |     4 |    17 |    13 |    30 |    23 ||    87
         Phial of floods   |       |       |       |       |     1 |       ||     1
    Use: Scroll            |     4 |    12 |     5 |    13 |     6 |     5 ||    45
         Potion            |       |       |     2 |     7 |    11 |    13 ||    33
   Stab: Sleeping          |     2 |       |       |     4 |    10 |     7 ||    23
         Held in net/web   |       |     2 |     1 |     2 |       |       ||     5
         Distracted        |       |       |       |       |     1 |       ||     1
         Petrified         |       |       |       |       |       |     1 ||     1
         Confused          |       |       |       |       |       |     1 ||     1
 Armour: Leather armour    |    41 |     5 |       |       |       |       ||    46
         Scale mail        |       |    22 |       |       |       |       ||    22
         Ring mail         |       |    28 |    94 |   107 |   169 |   102 ||   500
         Skin              |       |       |     1 |       |       |       ||     1
  Dodge: Dodged            |    67 |    71 |   132 |   311 |   528 |   410 ||  1519
  Block: Buckler           |       |    31 |    72 |   105 |       |       ||   208
         Kite shield       |       |       |       |    71 |   956 |   633 ||  1660
